 Dungeon Crawl Stone Soup version 0.30-a0-272-gf98c3da03f (webtiles) character file.

Game seed: 11288939659803362977

126 ReploidZero the Shooter (level 5, -17/32 HPs)
             Began as a Tengu Hunter on Oct 15, 2022.
             Killed from afar by a rime drake (25 damage)
             ... with a flash freeze
             ... created by the adversity of Qazlal
             ... on level 2 of the Dungeon.
             The game lasted 00:07:47 (2315 turns).

ReploidZero the Shooter (Tengu Hunter)              Turns: 2315, Time: 00:07:47

Health: -17/32     AC:  5    Str: 11    XL:     5   Next: 10%
Magic:  6/6        EV: 16    Int: 10    God:
Gold:   117        SH:  0    Dex: 19    Spells: 4/4 levels left

rFire   x x .      SeeInvis .    a - +0 shortbow
rCold   x x x      Faith    .    (shield currently unavailable)
rNeg    . . .      Spirit   .    c - +0 leather armour
rPois   .          Reflect  .    (helmet restricted)
rElec   x          Harm     .    q - +0 cloak
rCorr   .          Rampage  .    d - +0 pair of gloves
Will    .....                    (boots unavailable)
Stlth   ++........               (no amulet)
HPRegen 0.25/turn                (no ring)
MPRegen 0.10/turn                (no ring)

@: flying quickly and evasively, quick
A: beak, talons 3, nimble flight, [cold vulnerability 3], [heat vulnerability
2], [electricity vulnerability]
a: no special abilities


You were on level 2 of the Dungeon.
You visited 1 branch of the dungeon, and saw 3 of its levels.

You collected 117 gold pieces.

Inventory:

Hand Weapons
 a - a +0 shortbow (weapon)
Missiles
 l - 5 poisoned darts
Armour
 c - a +0 leather armour (worn)
 d - a +0 pair of gloves (worn)
 q - a +0 cloak (worn)
Wands
 r - a wand of flame (16)
Scrolls
 b - 3 scrolls of immolation
 e - 3 scrolls of identify
Potions
 g - 2 potions of invisibility {unknown}
 h - a potion of magic {unknown}
 i - a potion of resistance {unknown}
 j - a potion of attraction {unknown}
 k - 3 potions of curing {unknown}
 o - 2 potions of berserk rage {unknown}
 p - a potion of ambrosia {unknown}


   Skills:
 + Level 3.3 Fighting
 + Level 5.3 Ranged Weapons
 + Level 3.6 Dodging
 - Level 1.0 Stealth


You had 4 spell levels left.
You didn't know any spells.
Your spell library contained the following spells:

 Spells                   Type           Power      Damage    Failure   Level
 Summon Small Mammal      Summ           0%         N/A       45%         1
 Cigotuvi's Dreadful Rot  Necr/Pois/Air  0%         N/A       58%         2
 Call Canine Familiar     Summ           0%         N/A       83%         3
 Summon Guardian Golem    Hex/Summ       0%         N/A       83%         3
 Dispel Undead            Necr           0%         3d6       99%         4
 Death Channel            Necr           0%         N/A       100%        6


Dungeon Overview and Level Annotations

Branches:
Dungeon (3/15)

Altars:
Qazlal


Innate Abilities, Weirdness & Mutations

You have a beak for a mouth.
You have claws for feet.
Your magical nature lets you fly swiftly and evasively.
[You are extremely vulnerable to cold. (rC---)]
[You are very vulnerable to heat. (rF--)]
[You are vulnerable to electric shocks.]


Message History

A rime drake comes into view.
Fire: a) +0 shortbow
Press: ? - help, Shift-Dir - straight line, f - rime drake
Aim: a rime drake (durably summoned, 58% to hit)
The rime drake breathes ice at you. The flash freeze hits you!!
You feel a painful chill!
Ouch! That really hurt!
* * * LOW HITPOINT WARNING * * *
You are encased in ice.
The ice encasing you melts away.
Okay, then.
Unknown command.
You feel much better. The rime drake misses you.
The rime drake attacks as you move away!
The rime drake completely misses you. The rime drake breathes ice at you.
The flash freeze hits you!!
You feel a painful chill!
Ouch! That really hurt!
* * * LOW HITPOINT WARNING * * *
You are encased in ice.
The boulder beetle curls into a ball and begins rolling!
The ice encasing you melts away.
The boulder beetle completely misses you.
The boulder beetle stops rolling and uncurls.
The rime drake bites you.
* * * LOW HITPOINT WARNING * * *
As you read the scroll labelled VUATTE ANUTI, it crumbles to dust.
It is a scroll of amnesia.
You feel forgetful for a moment.
The boulder beetle leaps!
The rime drake closely misses you.
Unknown command.
The rime drake attacks as you move away!
The rime drake bites you but does no damage.
The boulder beetle curls into a ball and begins rolling!
The rime drake attacks as you move away!
The rime drake closely misses you. The rime drake breathes ice at you.
The flash freeze hits you!!
You feel a painful chill!
Ouch! That really hurt!
You die...

######### ♣~≈~≈≈≈ #.......#
♣~~~~≈≈ #.#####.########~P~~≈≈
#.# #.........~~P~~~ #.#
############~~~P~~ #.#
#...........~~~~~P #########.#
#k########..~P~~~~ #.........#
#.# #..~~PP.. #.#########
#@###### #........
#.###########....>.###........
#........B..>.B#)......#..####
#.###########P.#.#.#####..#
#.# ##~P..#.## #.## #.#
#~~~~~P.~## #.# #.#
##~~P♣~♣~~.###.# #.#
#~~~♣♣♣♣~.P....##### #.# #P~~♣
♣P~..........


You could see a boulder beetle (rolling) and a rime drake (catching breath).

Vanquished Creatures
  An orc priest (D:3)
  Crazy Yiuf (D:2)
  3 adders
  A dart slug (D:2)
  4 orcs (D:3)
  4 bats
  An endoplasm (D:2)
  2 giant cockroaches (D:2)
  2 hobgoblins (D:1)
  3 quokkas
  4 ball pythons
  3 goblins (D:1)
  8 kobolds
  4 rats
41 creatures vanquished.

Vanquished Creatures (others)
  3 fungi (D:2)
  43 plants (D:2)
46 creatures vanquished.

Grand Total: 87 creatures vanquished

Notes
Turn   | Place    | Note
-------+----------+-------------------------------------------
     0 | D:1      | ReploidZero the Tengu Hunter began the quest for the Orb.
     0 | D:1      | Reached XP level 1. HP: 12/12 MP: 2/2
   210 | D:1      | Reached XP level 2. HP: 17/17 MP: 3/3
   346 | D:1      | Found a faded altar of an unknown god.
   395 | D:1      | Prayed at the altar of an unknown god.
   395 | D:1      | Became a worshipper of Qazlal Stormbringer
   395 | D:1      | Reached * piety under Qazlal
   396 | D:1      | Fell from the grace of Qazlal
   789 | D:2      | Found a runed translucent door.
   790 | D:2      | Noticed Crazy Yiuf
  1106 | D:2      | Reached XP level 3. HP: 15/22 MP: 4/4
  1485 | D:2      | Noticed an earth elemental
  1652 | D:2      | Identified the +6 mace of Slow Death {drain, rF++ Str+6
                  | Dex-4}
  1782 | D:2      | HP: 1/22 [Crazy Yiuf/+2 quarterstaff of chaos (8)]
  1784 | D:2      | Killed Crazy Yiuf
  1785 | D:2      | Reached skill level 5 in Ranged Weapons
  1785 | D:2      | Reached XP level 4. HP: 13/28 MP: 5/5
  1857 | D:2      | Noticed a fire elemental
  2014 | D:3      | Gained mutation: Your magical nature lets you fly swiftly
                  | and evasively. [Tengu growth]
  2014 | D:3      | Reached XP level 5. HP: 32/32 MP: 6/6
  2236 | D:3      | Noticed a basilisk
  2236 | D:3      | Noticed a boulder beetle
  2300 | D:2      | Noticed a rime drake
  2315 | D:2      | Killed from afar by a rime drake

Illustrated notes

Levels and vault maps discovered:
D:1:      matt_arrival_los_fun, layout_loops_cross,
          dreamdust_ecumenical_altar_statues
D:2:      minmay_spotlight, layout_loops_ring, serial_bayou,
          serial_bayou_shore_a, serial_bayou_pond_c, serial_bayou_lagoon_a,
          serial_bayou_ford_a, chequers_serial_rivers_room_b,
          uniq_crazy_yiuf_cottage
D:3:      layout_basic, hellmonk_okawaru_the_only_friend_you_need,
          minmay_misc_feat_square

Skill      XL: |  1  2  3 |
---------------+----------+-----
Dodging        | 3 |  3.6
Fighting       | 3 |  3.3
Ranged Weapons | 5 |  5.3
Stealth        | |  1.0

Action                   |  1- 3 |  4- 6 || total
-------------------------+-------+-------++-------
 Fire: Shortbow          |    82 |    36 ||   118
Invok: Renounce Religion |     1 |       ||     1
  Use: Potion            |     1 |     1 ||     2
       Scroll            |       |     5 ||     5
Armor: Leather armour    |     3 |     5 ||     8
Dodge: Dodged            |    21 |    25 ||    46

Table legend: (Time is in decaauts)
 A = Elapsed time spent in this place.
 B = Non-inter-level travel time spent in this place.
 C = Inter-level travel time spent in this place.
 D = Time resting spent in this place.
 E = Time spent auto-exploring this place.
 F = Levels seen in this place.
 G = Mean time per level.
                   A        B        C        D        E       F      G
               +--------+--------+--------+--------+--------+-----+--------+
         Total |   2395 |   2328 |     67 |     38 |   1824 |   3 |  798.3 |
       Dungeon |   2395 |   2328 |     67 |     38 |   1824 |   3 |  798.3 |
               +--------+--------+--------+--------+--------+-----+--------+

Top non-repeatable levels by time:
     D:2: 1401 daAuts
     D:1: 712 daAuts
     D:3: 280 daAuts
